 Dungeon Crawl Stone Soup version 0.25.1-2-g60ff931df9 (webtiles) character file.

Game seed: 13788972437462954640

21027 nicanaca0 the Bludgeoner (level 12, -12/113 HPs)
             Began as a Minotaur Berserker on Oct 1, 2020.
             Was an Elder of Trog.
             Mangled by a sun demon (17 damage)
             ... on level 2 of the Abyss on Oct 3, 2020.
             The game lasted 00:46:18 (15768 turns).

nicanaca0 the Bludgeoner (Minotaur Berserker)      Turns: 15768, Time: 00:46:19

Health: -12/113    AC: 29    Str: 23    XL:     12   Next: 50%
Magic:  0/21       EV: 10    Int: 12    God:    Trog [****..]
Gold:   758        SH:  0    Dex: 11    Spells: 11/11 levels left

rFire    . . .     SeeInvis .   j - +3 great mace
rCold    + . .     Gourm    .   (shield currently unavailable)
rNeg     . . .     Faith    .   v - +1 plate armour
rPois    .         Spirit   +   d - +3 hat of Pondering {ponderous, MR+ MP+10 Int+5}
rElec    .         Reflect  .   u - +0 cloak
rCorr    .         Harm     .   e - +0 pair of gloves
MR       +++..                  Q - +1 pair of boots {Fly}
Stlth    ..........             a - amulet of guardian spirit
HPRegen  1.28/turn              L - ring of protection from cold
MPRegen  0.17/turn              w - +4 ring of protection

@: flying, regenerating, slow
A: retaliatory headbutt, horns 2
a: Berserk, Trog's Hand, Brothers in Arms, Renounce Religion, Stop Flying


You were on level 2 of the Abyss.
You worshipped Trog.
Trog was greatly pleased with you.
You were not hungry.

You visited 2 branches of the dungeon, and saw 15 of its levels.
You visited the Abyss 1 time.
You also visited: Ossuary.

You collected 758 gold pieces.

Inventory:

Hand Weapons
 h - the +7 hand axe of Plog {vorpal, rF+}
   (You took it off an orc on level 4 of the Dungeon)

   It inflicts extra damage upon your enemies.
   It protects you from fire.
 j - a +3 great mace (weapon)
 p - a +2 mace of holy wrath
 H - a +1 flail of draining
 M - a +0 whip of freezing
 N - a +1 morningstar of flaming
 T - a +3 vorpal flail
Missiles
 f - 21 poisoned darts (quivered)
 I - 6 javelins
Armour
 d - the +3 hat of Pondering (worn) {ponderous, MR+ MP+10 Int+5}
   (You took it off Gastronok on level 1 of the Lair of Beasts)

   It affects your intelligence (+5).
   It affects your resistance to hostile enchantments.
   It affects your magic capacity (+10).
 e - a +0 pair of gloves (worn)
 u - a +0 cloak (worn)
 v - a +1 plate armour (worn)
 O - +0 steam dragon scales
 Q - a +1 pair of boots of flying (worn)
Jewellery
 a - an amulet of guardian spirit (around neck)
 w - a +4 ring of protection (right hand)
 L - a ring of protection from cold (left hand)
Wands
 y - a wand of flame (17)
 B - a wand of paralysis (24)
 D - a wand of acid (3)
 P - a wand of polymorph (10)
Scrolls
 b - a scroll of enchant weapon
 i - a scroll of noise {unknown}
 k - 6 scrolls of remove curse
 m - 2 scrolls of identify
 n - 5 scrolls of teleportation
 r - a scroll of immolation
 s - 2 scrolls of magic mapping
 x - a scroll of blinking
 z - 3 scrolls of fear
 G - 4 scrolls of enchant armour
 J - a scroll of fog
Potions
 g - 3 potions of curing
 l - 2 potions of ambrosia {unknown}
 o - 2 potions of stabbing {unknown}
 q - 3 potions of heal wounds
 t - 3 potions of might
 C - a potion of magic
 K - a potion of cancellation
Miscellaneous
 A - a phantom mirror
Comestibles
 c - 15 rations


   Skills:
 * Level 12.6 Fighting
 + Level 16.3 Maces & Flails
 * Level 12.3 Armour
 + Level 6.3 Dodging


You had 11 spell levels left.
You didn't know any spells.
Your spell library was empty.

Dungeon Overview and Level Annotations

Branches:
Dungeon (14/15)            Temple (0/1) D:6            Lair (1/6) D:9
    Orc (0/2) D:10        Ossuary (visited)
 Vaults: D:13-14

Altars:
Dithmenos
Elyvilon
Hepliaklqana
Kikubaaqudgha
Okawaru
Ru
Sif Muna
Uskayaw
Zin
The Shining One

Shops:
D:5 *   D:8 =

Annotations:
Lair:1 Sonja


Innate Abilities, Weirdness & Mutations

You reflexively headbutt those who attack you in melee.
You have a pair of horns on your head.


Message History

A chorus of shrieks assaults your mind.
* * * LOW HITPOINT WARNING * * *
Your ogre hits the blink frog with a +0 giant spiked club!!!
The blink frog dies!
Trog accepts your kill.
The raiju bursts into living lightning!
The living lightning hits you!!
* * * LOW HITPOINT WARNING * * *
The raiju blinks!
The raiju bursts into living lightning!
The living lightning misses you.
The raiju blinks!
Your skin crawls.
You feel resistant to hostile enchantments.
You feel somewhat more hungry. Trog will no longer gift you weapons.
Your two-headed ogre barely misses the raiju.
Your two-headed ogre hits the raiju with a +0 giant club!!
Your ogre rages.
The sun demon hits you!!
You die...

#... ....
##..### #.
...§.# .#..
##....# ...#
#.....#...#.
#.....#....#
#.#@3....#
#.hO.####
###.TO# .#
#.##†.# #..
####
##.§#..#....#
..# # .##X#.#
.# ##..# ##
.##..X##.. ...
.#..X. . ...X##
.##. .
....#.#X..X†..#
# #.


You could see 2 starcursed masses, a sun demon, a raiju, a friendly two-headed
ogre (summoned, berserk), a friendly troll (summoned, berserk) and a friendly
ogre (summoned, berserk).

Vanquished Creatures
  Gastronok (Lair:1)
  2 centaur warriors
  2 two-headed ogres
  Pikel (D:8)
  3 ugly things (D:14)
  2 cyclopes
  A deep elf mage (D:14)
  2 centaur skeletons
  Maggie (D:9)
  A komodo dragon (D:10)
  An efreet (D:14)
  An ancient zyme (Abyss:2)
  6 trolls
  3 hippogriffs
  A slime creature (D:6)
  A wraith (D:12)
  6 yaks (D:11)
  A shadow (Abyss:2)
  A wyvern (D:12)
  6 hungry ghosts
  A soldier ant (D:14)
  A water moccasin (Lair:1)
  2 small abominations (Abyss:2)
  An eye of draining (D:14)
  5 orc warriors
  2 ice beasts
  3 sky beasts
  4 slaves (D:8)
  5 ogres
  A necrophage (D:5)
  6 wolves
  2 phantoms (D:10)
  4 centaurs
  A crocodile (Lair:1)
  2 elf zombies (Ossuary)
  8 big kobolds
  6 bullfrogs
  6 killer bees
  3 scorpions
  13 wights
  4 howler monkeys
  An electric eel (D:9)
  4 centaur zombies
  9 crimson imps
  A bullfrog zombie (D:5)
  A starcursed mass (Abyss:2)
  8 jellies
  2 quasits
  7 orc priests
  4 hounds
  A human zombie (Ossuary)
  8 orc wizards
  Jessica (D:2)
  2 iguanas (D:7)
  Ijyb (D:5)
  8 worker ants
  Natasha (twice) (D:2)
  6 ogre zombies (D:10)
  A big kobold zombie (Ossuary)
  2 hound zombies (Ossuary)
  3 mummies (Ossuary)
  A hound skeleton (D:9)
  3 worker ant zombies
  6 gnolls (D:4)
  14 adders
  A shadow imp (D:5)
  11 oozes
  4 adder zombies (Ossuary)
  3 worms (D:3)
  2 adder skeletons
  A dart slug (D:5)
  4 leopard geckos
  42 orcs
  4 giant cockroaches
  A gnoll zombie (Ossuary)
  37 goblins
  31 hobgoblins
  2 jackals (D:3)
  12 kobolds
  4 quokkas
  A ball python skeleton (D:5)
  8 bats
  4 frilled lizards
  A goblin skeleton (D:10)
  5 goblin zombies
  12 hobgoblin zombies
  A jackal skeleton (D:4)
  A jackal zombie (Ossuary)
  3 kobold zombies (Ossuary)
  A leopard gecko skeleton (D:4)
  A leopard gecko zombie (D:7)
  An orc skeleton (D:10)
  11 orc zombies
  5 quokka zombies
  8 rats
  3 rat zombies (Ossuary)
444 creatures vanquished.

Vanquished Creatures (collateral kills)
  An ugly thing (D:14)
  A cyclops (D:14)
  2 raiju (Abyss:2)
  A blink frog (Abyss:2)
  A small abomination (Abyss:2)
  A quasit (Abyss:2)
7 creatures vanquished.

Vanquished Creatures (others)
  An adder zombie (D:9)
  A hobgoblin (D:4)
  A fungus (D:6)
  A plant (D:11)
  8 toadstools (D:6)
12 creatures vanquished.

Grand Total: 463 creatures vanquished

Notes
Turn   | Place    | Note
-------+----------+-------------------------------------------
     0 | D:1      | nicanaca0 the Minotaur Berserker began the quest for the
                  | Orb.
     0 | D:1      | Reached XP level 1. HP: 19/19 MP: 0/0
   146 | D:1      | Reached skill level 4 in Maces & Flails
   170 | D:1      | Reached XP level 2. HP: 18/26 MP: 1/1
   468 | D:1      | Reached skill level 5 in Maces & Flails
   476 | D:1      | Reached XP level 3. HP: 26/31 MP: 2/2
   762 | D:2      | Found an ancient bone altar of Kikubaaqudgha.
  1043 | D:2      | Found a shadowy altar of Dithmenos.
  1076 | D:2      | Reached ** piety under Trog
  1295 | D:2      | Noticed Natasha
  1302 | D:2      | Killed Natasha
  1302 | D:2      | Reached skill level 6 in Maces & Flails
  1302 | D:2      | Reached XP level 4. HP: 30/39 MP: 3/3
  1310 | D:2      | Found a sacrificial altar of Ru.
  1379 | D:2      | Noticed Natasha
  1387 | D:2      | Killed Natasha
  1607 | D:2      | Noticed Jessica
  1613 | D:2      | Killed Jessica
  1814 | D:3      | Reached XP level 5. HP: 45/45 MP: 4/4
  1836 | D:3      | Reached skill level 7 in Maces & Flails
  1875 | D:3      | Noticed an ogre
  1901 | D:3      | Killed an ogre
  2338 | D:3      | Reached skill level 8 in Maces & Flails
  2355 | D:3      | Reached XP level 6. HP: 38/51 MP: 5/5
  2781 | D:3      | Found a hide-covered altar of Uskayaw.
  2815 | D:3      | Reached *** piety under Trog
  3468 | D:4      | Reached skill level 9 in Maces & Flails
  3536 | D:4      | Reached XP level 7. HP: 57/57 MP: 6/6
  3966 | D:4      | Identified the +7 hand axe of Plog {vorpal, rF+}
  3974 | D:4      | Reached skill level 10 in Maces & Flails
  4701 | D:4      | Reached **** piety under Trog
  5415 | D:5      | Entered Level 5 of the Dungeon
  5441 | D:5      | Found Vuto's Lightly-Used Armoury.
  5451 | D:5      | Reached XP level 8. HP: 66/67 MP: 7/7
  5497 | D:5      | Reached skill level 11 in Maces & Flails
  5539 | D:5      | Reached skill level 5 in Fighting
  5583 | D:5      | Noticed Ijyb
  5622 | D:5      | Killed Ijyb
  5707 | D:5      | Reached ***** piety under Trog
  5769 | D:5      | Found a shimmering blue altar of Sif Muna.
  6191 | D:6      | Reached skill level 5 in Armour
  6450 | D:6      | Found a staircase to the Ecumenical Temple.
  6525 | D:6      | Reached skill level 12 in Maces & Flails
  6650 | D:6      | Reached XP level 9. HP: 77/77 MP: 8/8
  7034 | D:7      | Found a sand-covered staircase.
  7037 | D:7      | Got a scorched leather armour
  7040 | Ossuary  | Entered an ossuary
  7286 | Ossuary  | Received a gift from Trog
  7350 | D:7      | Reached skill level 13 in Maces & Flails
  8049 | D:7      | Found a hazy altar of Hepliaklqana.
  8060 | D:7      | Found a glowing golden altar of the Shining One.
  8073 | D:7      | Found an iron altar of Okawaru.
  8080 | D:7      | Found a white marble altar of Elyvilon.
  8216 | D:7      | Identified the cursed +0 leather armour "Kohifyul" {Str+3}
                  | (You found it on level 7 of the Dungeon)
  8337 | D:8      | Reached XP level 10. HP: 88/88 MP: 9/9
  8517 | D:8      | Noticed a two-headed ogre
  8554 | D:8      | Killed a two-headed ogre
  8554 | D:8      | Reached skill level 14 in Maces & Flails
  8995 | D:8      | Found a glowing silver altar of Zin.
  9518 | D:8      | Found Bomiafoh's Jewellery Shoppe.
  9571 | D:9      | Noticed Maggie
  9593 | D:9      | Killed Maggie
 10357 | D:9      | Found a staircase to the Lair.
 10357 | D:9      | Noticed Pikel
 10362 | D:9      | Reached skill level 15 in Maces & Flails
 10574 | D:8      | Killed Pikel
 10756 | D:9      | You fall into a shaft and drop 3 floors!
 10817 | D:12     | Reached XP level 11. HP: 88/99 MP: 10/10
 11249 | D:10     | Entered Level 10 of the Dungeon
 11252 | D:10     | Reached skill level 10 in Fighting
 11305 | D:10     | Received a gift from Trog
 11344 | D:10     | Found a staircase to the Orcish Mines.
 12196 | D:11     | Reached skill level 10 in Armour
 12334 | D:11     | Reached ****** piety under Trog
 12500 | D:11     | You are sucked into a shaft and drop 3 floors!
 12591 | D:14     | Noticed a two-headed ogre
 12598 | D:14     | Killed a two-headed ogre
 13508 | D:14     | Noticed a white ugly thing
 13508 | D:14     | Noticed a white ugly thing
 13508 | D:14     | Noticed a white ugly thing
 13508 | D:14     | Noticed a white ugly thing
 13516 | D:14     | Killed a white ugly thing
 13523 | D:14     | Killed a white ugly thing
 13523 | D:14     | Reached skill level 5 in Dodging
 13532 | D:14     | Killed a cyan ugly thing
 13544 | D:14     | Killed a cyan ugly thing
 13655 | D:14     | Noticed a deep elf mage
 13670 | D:14     | Killed a deep elf mage
 13670 | D:14     | Reached skill level 16 in Maces & Flails
 13670 | D:14     | Reached XP level 12. HP: 110/110 MP: 11/11
 13892 | D:13     | Noticed a centaur warrior
 13905 | D:13     | Killed a centaur warrior
 14601 | D:12     | Noticed a centaur warrior
 14620 | D:12     | Killed a centaur warrior
 15013 | Lair:1   | Entered Level 1 of the Lair of Beasts
 15087 | Lair:1   | Noticed Gastronok
 15115 | Lair:1   | Killed Gastronok
 15289 | Lair:1   | Noticed Sonja
 15298 | Lair:1   | Cast into level 1 of the Abyss (Sonja)
 15366 | Abyss:2  | Found a corrupted altar of Lugonu.
 15418 | Abyss:2  | Noticed a starcursed mass
 15438 | Abyss:2  | Received a gift from Trog
 15444 | Abyss:2  | Noticed a starcursed mass
 15447 | Abyss:2  | Found a corrupted altar of Lugonu.
 15555 | Abyss:2  | Noticed a starcursed mass
 15562 | Abyss:2  | HP: 2/113 [tormentor/nerve-wracking pain (6)]
 15628 | Abyss:2  | Noticed a starcursed mass
 15746 | Abyss:2  | Noticed a starcursed mass
 15766 | Abyss:2  | HP: 3/113 [raiju/living lightning (19)]
 15768 | Abyss:2  | Mangled by a sun demon

Illustrated notes

Levels and vault maps discovered:
D:1:      wander_arrival_lonely_grave, layout_rooms
D:2:      layout_loops_corners, kiku_gazebo_pond_becter,
          lemuel_coloured_pillars_altar, grunt_dithmenos_smoke_and_mirrors,
          first_ration, uniq_jessica, uniq_natasha
D:3:      layout_loops_corners, eat_drink_and_be_merry_uskayaw,
          minmay_diced_spiral
D:4:      minmay_goblin_kobold_castle, layout_layer_cave
D:5:      layout_loops_ring, st_stairs_10, minmay_shop_damaged,
          grunt_ministairs_3, lemuel_blue_sif_altar, uniq_ijyb
D:6:      cheibrodos_fertilizer, layout_basic, minmay_temple_entry_junction
D:7:      layout_rooms, nicolae_overflow_quartered_altars,
          nicolae_ossuary_entry_monument, kennysheep_generic_room_13
D:8:      layout_loops_cross, kennysheep_mini_moat, serial_shops,
          nicolae_shop_behind_doors
D:9:      layout_loops_ring, lemuel_round_altar, erik_lair_island,
          gammafunk_ghost_stat_death, uniq_maggie, uniq_pikel
D:10:     layout_rooms, zombieorc1_lemuel
D:11:     layout_loops_corners, blue_anna_alchemist [blue_anna_fruit_fields,
          blue_anna_fruit_fields], hangedman_glass_garden,
          chequers_serial_rivers_large_a, lemuel_tele_altar
D:12:     layout_irregular_city
D:13:     layout_basic, lightli_vaults_fourway_checkpoint
D:14:     layout_basic, serial_shops, nicolae_shop_crystal, drop_trap,
          uniq_roxanne
Lair:1:   layout_cave_pods, gammafunk_ghost_abyssal_escape, grunt_megastairs_5,
          uniq_gastronok, uniq_sonja
Abyss:2:  base: D:1, evilmike_abyss_exit_7, evilmike_abyss_exit_10,
          evilmike_abyss_exit_15

Skill      XL: |  1  2  3  4  5  6  7  8  9 10 11 12 |
---------------+-------------------------------------+-----
Maces & Flails | 4 5 6 8 9 10 12 13 15 16 | 16.3
Fighting       | 4 6 8 9 11 12 | 12.6
Armour         | 3 5 7 9 11 12 | 12.3
Dodging        | 5 6 |  6.3

Action                   |  1- 3 |  4- 6 |  7- 9 | 10-12 || total
-------------------------+-------+-------+-------+-------++-------
Melee: Mace              |    87 |   154 |    48 |       ||   289
       Headbutt          |     6 |    24 |    79 |   106 ||   215
       Hand axe          |       |       |   365 |   191 ||   556
       Flail             |       |       |       |   337 ||   337
       Great mace        |       |       |       |    11 ||    11
Throw: Dart              |       |    16 |     2 |    12 ||    30
Invok: Trog's Hand       |     1 |       |     4 |     9 ||    14
       Brothers in Arms  |       |       |       |     6 ||     6
       Berserk           |       |       |       |     1 ||     1
  Use: Scroll            |       |       |     5 |    15 ||    20
       Potion            |       |       |       |     9 ||     9
 Stab: Invisible         |       |     2 |       |       ||     2
  Eat: Chunk             |       |     9 |    10 |    28 ||    47
       Ration            |       |       |     2 |     4 ||     6
Armor: Scale mail        |    36 |    30 |       |       ||    66
       Animal skin       |     1 |       |       |       ||     1
       Plate armour      |       |    50 |   292 |   389 ||   731
Dodge: Dodged            |    35 |    55 |   151 |   264 ||   505
